 Dungeon Crawl Stone Soup version 0.27.1-33-g824d729ab1 (webtiles) character file.

Game seed: 16040810873467601410

1134 Jasc the Cleaver (level 8, -3/66 HPs)
             Began as a Minotaur Fighter on Dec 6, 2021.
             Slain by a two-headed ogre (5 damage)
             ... on level 6 of the Dungeon.
             The game lasted 00:19:31 (6240 turns).

Jasc the Cleaver (Minotaur Fighter)                 Turns: 6240, Time: 00:19:32

Health: -3/66      AC: 11    Str: 22    XL:     8   Next: 14%
Magic:  7/7        EV:  8    Int: 11    God:
Gold:   219        SH: 11    Dex: 11    Spells: 7/7 levels left

rFire    . . .     SeeInvis .   a - +0 war axe
rCold    . . .     Faith    .   c - +0 kite shield
rNeg     . . .     Spirit   .   b - +0 scale mail
rPois    .         Reflect  .   (helmet restricted)
rElec    .         Harm     .   l - scarf {repulsion}
rCorr    .         Rampage  .   (no gloves)
Will     .....                  (no boots)
Stlth    ..........             (no amulet)
HPRegen  0.21/turn              h - +4 ring of protection
MPRegen  0.10/turn              q - +6 ring of intelligence

@: hasted, repel missiles, very quick
A: horns 2, retaliatory headbutt
a: no special abilities


You were on level 6 of the Dungeon.
You visited 2 branches of the dungeon, and saw 7 of its levels.

You collected 219 gold pieces.

Inventory:

Hand Weapons
 a - a +0 war axe (weapon)
Armour
 b - a +0 scale mail (worn)
 c - a +0 kite shield (worn)
 j - a +0 plate armour
 l - a scarf of repulsion (worn)
Jewellery
 h - a +4 ring of protection (left hand)
 q - a +6 ring of intelligence (right hand)
 s - a ring of fire
Scrolls
 f - 2 scrolls of acquirement
 i - 2 scrolls of brand weapon
 n - a scroll of magic mapping {unknown}
 o - a scroll of enchant armour {unknown}
 p - a scroll of amnesia {unknown}
 t - 2 scrolls of enchant weapon
 u - 2 scrolls of noise
 v - a scroll of teleportation {unknown}
Potions
 d - a potion of curing {unknown}
 e - 2 potions of magic
 g - a potion of ambrosia
 m - a potion of attraction {unknown}
 r - a potion of invisibility {unknown}
 x - a potion of flight {unknown}


   Skills:
 - Level 3.8 Fighting
 * Level 9.5 Axes
 - Level 3.9 Armour
 + Level 7.5 Shields


You had 7 spell levels left.
You didn't know any spells.
Your spell library contained the following spells:

 Spells                   Type           Power      Damage    Failure   Level
 Sublimation of Blood     Necr           0%         N/A       98%         2
 Dazzling Flash           Conj/Hex       0%         N/A       100%        3
 Petrify                  Tmut/Erth      0%         N/A       100%        4
 Agony                    Necr           0%         N/A       100%        5
 Irradiate                Conj/Tmut      0%         3d14      100%        5
 Silence                  Hex/Air        0%         N/A       100%        5


Dungeon Overview and Level Annotations

Branches:
Dungeon (6/15)             Temple (1/1) D:4

Altars:
Ashenzari
Cheibriados
Dithmenos
Elyvilon
Fedhas
Gozag
Hepliaklqana
Kikubaaqudgha
Makhleb
Nemelex Xobeh
Okawaru
Ru
Sif Muna
Uskayaw
Vehumet
Zin

Shops:
D:4 =


Innate Abilities, Weirdness & Mutations

You have a pair of horns on your head.
You reflexively headbutt those who attack you in melee.


Message History

You hear the brisk hiss of an avalanche of sand nearby.
An orc comes into view.
It is wielding a +1 short sword of speed.
You block the orc's attack. x2
You closely miss the orc. The orc hits you but does no damage. x2
You hit the orc but do no damage. You block the orc's attack.
The orc barely misses you.
You closely miss the orc. You block the orc's attack. x2
You hit the orc but do no damage. Your headbutt misses the orc.
The orc hits you with a +1 short sword of speed.
You barely miss the orc. Your headbutt misses the orc.
You block the orc's attack. The orc barely misses you.
The two-headed ogre hits you with a +0 giant club! x2
You feel yourself speed up. You block the orc's attack. x2
You barely miss the orc. You slash the two-headed ogre!
The two-headed ogre hits you but does no damage.
The two-headed ogre closely misses you.
The orc hits you with a +1 short sword of speed.
You barely miss the orc. You barely miss the two-headed ogre.
The orc hits you but does no damage.
The two-headed ogre hits you with a +0 giant club!
The two-headed ogre barely misses you.
You closely miss the orc. You barely miss the two-headed ogre.
The orc hits you but does no damage.
You slash the orc!
You kill the orc!
You hit the two-headed ogre.
The two-headed ogre hits you but does no damage.
You block the two-headed ogre's attack.
You slash the two-headed ogre!
The two-headed ogre is moderately wounded.
You barely miss the two-headed ogre.
The two-headed ogre is moderately wounded.
You block the two-headed ogre's attack.
The two-headed ogre hits you with a +0 giant club!!
* * * LOW HITPOINT WARNING * * *
You slash the two-headed ogre!
The two-headed ogre is severely wounded.
The two-headed ogre barely misses you.
The two-headed ogre hits you with a +0 giant club.
You die...

## # #
#.#######
#...)@O.#
#######.#
#.# #.# #.#
#.# #.#
###########
#O#
#.......O..
#.#
#.########.


You could see a two-headed ogre.

Vanquished Creatures
  A sky beast (D:5)
  A necrophage (D:5)
  2 ogres
  A phantom (D:4)
  2 kobold brigands (D:3)
  A bullfrog (D:4)
  A water moccasin skeleton (D:4)
  A howler monkey (D:4)
  An orc priest (D:5)
  2 bullfrog skeletons
  A centaur skeleton (D:6)
  4 iguanas
  A howler monkey zombie (D:5)
  A gnoll (D:1)
  6 adders
  A shadow imp (D:5)
  3 worms (D:2)
  3 dart slugs
  11 orcs
  5 bats
  7 endoplasms
  3 giant cockroaches
  7 goblins
  10 hobgoblins
  12 kobolds
  5 quokkas
  8 ball pythons
  6 frilled lizards
  4 rats
111 creatures vanquished.

Notes
Turn   | Place    | Note
-------+----------+-------------------------------------------
     0 | D:1      | Jasc the Minotaur Fighter began the quest for the Orb.
     0 | D:1      | Reached XP level 1. HP: 19/19 MP: 0/0
     6 | D:1      | You fall into a shaft and drop 1 floor!
    17 | D:2      | Reached XP level 2. HP: 25/27 MP: 1/1
   460 | D:2      | Reached skill level 3 in Axes
   969 | D:2      | Found a blossoming altar of Fedhas.
   980 | D:2      | Found a faded altar of an unknown god.
  1013 | D:2      | Reached XP level 3. HP: 29/33 MP: 2/2
  1963 | D:1      | Reached skill level 4 in Axes
  2210 | D:3      | Reached XP level 4. HP: 40/40 MP: 3/3
  2700 | D:3      | Found a hazy altar of Hepliaklqana.
  2783 | D:3      | Found a burning altar of Makhleb.
  2952 | D:3      | Noticed a kobold brigand
  2952 | D:3      | Noticed a kobold brigand
  2961 | D:3      | Killed a kobold brigand
  2962 | D:3      | Reached skill level 5 in Axes
  2962 | D:3      | Reached skill level 5 in Shields
  2962 | D:3      | Reached XP level 5. HP: 5/46 MP: 4/4
  2963 | D:3      | HP: 1/46 [poisoned by a kobold brigand]
  2964 | D:3      | Reached skill level 6 in Axes
  3237 | D:4      | Reached XP level 6. HP: 48/52 MP: 5/5
  3280 | D:4      | Found Cock's Jewellery Boutique.
  3568 | D:4      | Found a staircase to the Ecumenical Temple.
  3610 | Temple   | Entered the Ecumenical Temple
  3923 | D:4      | Reached skill level 7 in Axes
  4268 | D:4      | Reached XP level 7. HP: 40/58 MP: 6/6
  4604 | D:5      | Entered Level 5 of the Dungeon
  4881 | D:5      | Reached skill level 8 in Axes
  4969 | D:5      | Found an ancient bone altar of Kikubaaqudgha.
  5523 | D:5      | Reached skill level 9 in Axes
  5539 | D:5      | Found a snail-covered altar of Cheibriados.
  5565 | D:5      | Found a shimmering blue altar of Sif Muna.
  5588 | D:5      | Reached XP level 8. HP: 58/66 MP: 7/7
  5886 | D:6      | Identified 2 scrolls of acquirement
  6130 | D:6      | Found a white marble altar of Elyvilon.
  6147 | D:6      | Noticed a two-headed ogre
  6239 | D:6      | HP: 2/66 [two-headed ogre (28)]
  6240 | D:6      | Slain by a two-headed ogre

Illustrated notes

Levels and vault maps discovered:
D:1:      minmay_arrival_three_doors, layout_basic
D:2:      layout_basic, hellmonk_ecumenical_altar_blasted, basic_altar,
          serial_curves, eino_curves_03, eino_curves_02, minivault_24
D:3:      cheibrodos_thug_alley, layout_loops_ring, lightli_temple_of_fire,
          mainiacjoe_overflow_alcove_2, grunt_decor_clamped
D:4:      layout_basic, temple_fountains, serial_shops, kennysheep_mini
D:5:      layout_loops_ring, kiku_gazebo_pond_becter,
          mainiacjoe_overflow_two_lobes, hangedman_abyss_or_decor_stabs
D:6:      layout_basic, mainiacjoe_overflow_six_doors_small, enter_ossuary_4,
          gammafunk_ghost_arena, item_on_display_a, uniq_maggie
Temple:   grunt_temple_mini_profane

Skill      XL: |  1  2  3  4  5  6  7 |
---------------+----------------------+-----
Shields        | 4 5 6 7 |  7.5
Axes           | 3 4 5 6 7 9 |  9.5
Fighting       | |  3.8
Armour         | |  3.9

Action                   |  1- 3 |  4- 6 |  7- 9 || total
-------------------------+-------+-------+-------++-------
Melee: War axe           |    93 |   112 |    93 ||   298
       Headbutt          |    12 |    20 |    13 ||    45
  Use: Potion            |       |     2 |     1 ||     3
       Scroll            |       |       |     5 ||     5
Armor: Scale mail        |    29 |    61 |    39 ||   129
Dodge: Dodged            |    30 |    39 |    22 ||    91
       Repelled          |       |     1 |       ||     1
Block: Kite shield       |    51 |    61 |    46 ||   158
